Map: Automaton LE

Players

FeverNight

  • Race: Terran Terran
  • League: Gold
  • Spawn Location: 3:00

A.I. 1 (Very Easy) - Winner!

  • Race: Terran Terran
  • Spawn Location: 9:00

VOD

Have the link to the VOD?

Description

Time

  • Played on: April 28, 2019, 6:16 p.m.
  • Length: 8:04
Show
View Real Time Build Order
Export as new Build Order

FeverNight Terran 

Build Orders:  

Get SALT Encoding   

  12  0:01  SCV  
  13  0:13  SCV  
  14  0:18  Supply Depot  
  14  0:25  SCV  
  15  0:39  SCV  
  15  0:42  Barracks  
  16  0:47  Refinery  
  16  0:52  SCV  
  17  0:58  Refinery  
  17  1:04  SCV  
  18  1:16  SCV  
  19  1:28  SCV  
  19  1:30  Supply Depot  
  19  1:32  Reaper  
  21  1:40  Orbital Command  
  21  1:50  Factory  
  21  2:06  Barracks  
  22  2:08  SCV  
  22  2:21  Barracks  
  23  2:22  SCV  
  23  2:40  Starport  
  23  2:41  SCV  
  24  2:45  Supply Depot  
  24  2:51  Hellion  
  26  2:57  SCV  
  27  3:14  SCV  
  28  3:22  Fusion Core, Factory Tech Lab  
  28  3:24  Medivac  
  28  3:26  Marine x3  
  33  3:28  SCV  
  34  3:35  Supply Depot  
  34  3:41  SCV  
  35  3:43  Supply Depot  
  35  3:49  Marine x2  
  35  3:50  Marine  
  35  3:53  SCV  
  39  4:00  Supply Depot  
  39  4:20  Battlecruiser  
  39  4:23  Marine x2  
  47  4:25  SCV  
  48  4:32  Marine  
  49  4:48  Marine x2  
  51  4:56  SCV  
  52  5:05  Command Center, Factory Tech Lab  
  52  5:13  Barracks Tech Lab, Marine x2  
  54  5:20  SCV  
  55  5:26  Supply Depot  
  55  6:03  Barracks Reactor x2  
  57  6:07  Marauder  
  56  6:24  Siege Tank  
  59  6:25  Orbital Command  
  59  6:27  SCV  
  60  6:39  SCV  
  61  6:45  Engineering Bay, Supply Depot  
  61  6:46  Engineering Bay  
  61  6:50  Marine x4, Marauder  
  61  6:53  Command Center  
  67  6:54  Supply Depot  
  67  7:00  SCV x2  
  69  7:06  Refinery  
  69  7:11  Marine x4  
  69  7:12  Marine  
  74  7:17  Refinery  
Show
View Real Time Build Order
Export as new Build Order

A.I. 1 (Very Easy) Terran - Winner!

Build Orders: Reaper Expand 

Get SALT Encoding   

  12  0:00  SCV  
  13  0:13  SCV  
  14  0:20  Supply Depot  
  14  0:44  Barracks  
  14  1:06  Command Center  
  14  1:31  Marine  
  15  1:34  Supply Depot, Orbital Command  
  15  1:40  Refinery  
  15  1:53  Refinery  
  15  2:00  SCV  
  16  2:12  SCV  
  17  2:17  SCV  
  17  2:20  Reaper  
  19  2:25  SCV  
  20  2:32  SCV  
  21  2:39  SCV  
  22  2:46  SCV  
  23  2:53  SCV  
  24  2:59  Refinery  
  24  3:01  SCV  
  25  3:08  SCV  
  25  3:10  Marine  
  27  3:15  SCV  
  28  3:22  SCV  
  29  3:29  SCV  
  29  3:30  Factory  
  30  3:54  Refinery, SCV  
  31  4:00  Marine  
  31  4:01  Supply Depot  
  32  4:03  SCV  
  33  4:11  SCV  
  34  4:18  Starport, SCV  
  34  4:19  Barracks Tech Lab  
  35  4:25  SCV  
  36  4:33  SCV  
  36  4:37  Supply Depot  
  37  4:40  SCV  
  38  4:47  SCV  
  38  4:51  Marauder  
  41  4:54  SCV  
  41  4:55  Starport Tech Lab  
  42  5:01  SCV  
  43  5:09  SCV  
  44  5:14  Raven  
  44  5:16  SCV  
  47  5:23  SCV  
  48  5:40  Hellion  
  48  5:41  SCV  
  48  5:42  Supply Depot  
  47  5:49  SCV  
  39  5:56  SCV  
  34  5:57  Raven  
  36  6:08  Hellion  
  36  6:10  SCV  
  38  6:12  Supply Depot  
  32  6:22  SCV  
  31  6:34  SCV  
  31  6:37  Marauder  
  33  6:47  SCV  
  33  6:59  SCV  
  33  7:06  Hellion  
  35  7:11  SCV  
  35  7:23  SCV  
  28  7:34  Hellion  
  28  7:35  SCV  
  12  7:47  SCV  
Tags
 
League
Gold
Matchup
TvT
Race
Terran
Spawn Locations
Cross Positions
Add a new tag
Caveats
  • Supply blocks, unpowered buildings, or Contaminate may cause inaccurate times.
  • Supply counts are checked every 10 seconds.